 Dungeon Crawl Stone Soup version 0.30.0-29-ga12c61a403 (webtiles) character file.

Game seed: 7986466356755952552

797 Bnni the Digger (level 8, -2/58 HPs)
             Began as a Formicid Earth Elementalist on June 20, 2023.
             Slain by a gnoll sergeant
             ... wielding a +0 spear
              (10 damage)
             ... on level 5 of the Dungeon.
             The game lasted 00:07:51 (3630 turns).

Bnni the Digger (Formicid Earth Elementalist)       Turns: 3630, Time: 00:07:51

Health: -2/58      AC:  8    Str: 13    XL:     8   Next: 13%
Magic:  8/14       EV: 11    Int: 17    God:
Gold:   293        SH:  0    Dex: 14    Spells: 5/15 levels left

rFire   + . .        t - +1 spear (flame)
rCold   . . .        (no shield)
rNeg    . . .        s - +2 ring mail {rF+}
rPois   +            (helmet unavailable)
rElec   .            j - +0 cloak
rCorr   +            (no gloves)
SInv    +            (no boots)
Will    .....        (no amulet)
Stlth   +            g - ring of poison resistance
HPRegen 0.29/turn    x - ring of resist corrosion
MPRegen 0.14/turn

%: no passive effects
@: no status effects
A: permanent stasis, dig shafts and tunnels, antennae 3, four strong arms
a: Dig, Shaft Self


You were on level 5 of the Dungeon.
You visited 1 branch of the dungeon, and saw 5 of its levels.

You collected 293 gold pieces.

Inventory:

Hand Weapons
 t - a +1 spear of flaming (weapon)
Armour
 j - a +0 cloak (worn)
 r - a +0 plate armour
 s - a +2 ring mail of fire resistance (worn)
Magical Staves
 p - the staff of conjuration "Dacko" {Contam rC++ rN+ Dex+3}
   (You found it on level 2 of the Dungeon)

   [staff of conjuration]

   Base accuracy: +5 Base damage: 5 Base attack delay: 1.2 This weapon's minimum
   attack delay (0.6) is reached at skill level 12.
   Dex:       It affects your dexterity (+3).
   rC:        It greatly protects you from cold.
   rN:        It protects you from negative energy.
   Contam:    It causes magical contamination when unequipped.
   It falls into the 'Staves' category.
   It is a weapon for one hand-pair.
Jewellery
 g - a ring of poison resistance (left hand)
 u - a ring of fire
 x - a ring of resist corrosion (right hand)
Scrolls
 f - a scroll of fear {unknown}
 h - 2 scrolls of teleportation {unknown}
 l - a scroll of acquirement {unknown}
 m - a scroll of poison {unknown}
 n - a scroll of amnesia {unknown}
 o - a scroll of vulnerability {unknown}
 v - a scroll of brand weapon
 w - a scroll of enchant weapon
Potions
 a - 3 potions of mutation
 b - a potion of magic
 c - a potion of invisibility {unknown}
 d - 2 potions of haste {unknown}
 e - a potion of curing
 i - 3 potions of heal wounds
 k - a potion of berserk rage {unknown}
 q - a potion of ambrosia {unknown}
 z - a potion of degeneration {unknown}


   Skills:
 + Level 3.2 Fighting
 + Level 2.8 Armour
 - Level 1.7 Dodging
 - Level 2.4 Stealth
 + Level 4.0 Spellcasting
 - Level 3.0 Conjurations
 - Level 3.0 Transmutations
 * Level 6.6 Earth Magic


You had 5 spell levels left.
You knew the following spells:

 Your Spells              Type           Power      Damage    Failure   Level
a - Sandblast             Erth           52%        2d12      1%          1
b - Passwall              Tmut/Erth      15%        N/A       7%          2
c - Stone Arrow           Conj/Erth      38%        3d9       13%         3
d - Petrify               Tmut/Erth      19%        N/A       41%         4

Your spell library contained the following spells:

 Spells                   Type           Power      Damage    Failure   Level
 Magic Dart               Conj           52%        1d5       10%         1
 Call Imp                 Summ           6%         N/A       43%         2
 Dazzling Flash           Conj/Hex       16%        N/A       45%         3
 Hailstorm                Conj/Ice       8%         3d4       45%         3
 Mephitic Cloud           Conj/Pois/Air  6%         N/A       54%         3
 Volatile Blastmotes      Fire/Tloc      6%         2d10      67%         3
 Ice Form                 Ice/Tmut       8%         N/A       86%         4
 Iskenderun's Mystic Bla  Conj/Tloc      8%         2d4       86%         4
 Simulacrum               Ice/Necr       1%         N/A       100%        6
 Starburst                Conj/Fire      4%         6d3       100%        6


Dungeon Overview and Level Annotations

Branches:
Dungeon (5/15)
 Temple: D:4-7

Altars:
Nemelex Xobeh


Innate Abilities, Weirdness & Mutations

You cannot be hasted, slowed, berserked, paralysed or teleported.
You can dig through walls and to a lower floor.
You have a pair of large antennae on your head. (SInv)
Your four strong arms can wield two-handed weapons with a shield.


Message History

Aim: a gnoll sergeant, wielding a +0 spear and wearing a +0 ring mail (87% to hit)
The blast of sand hits the gnoll sergeant!
The gnoll sergeant is moderately wounded.
The gnoll sergeant closely misses you.
The gnoll sergeant hits you with a +0 spear.
Aiming: Sandblast (safe; 1% risk of failure)
Press: ? - help, Q - select action, (/) - cycle Shift-Dir - straight line, f/p - gnoll sergeant
Aim: a gnoll sergeant, wielding a +0 spear and wearing a +0 ring mail (moderately wounded, 87% to hit)
The blast of sand hits the gnoll sergeant but does no damage.
The gnoll sergeant is moderately wounded.
The gnoll sergeant hits you with a +0 spear.
Aiming: Sandblast (safe; 1% risk of failure)
Press: ? - help, Q - select action, (/) - cycle Shift-Dir - straight line, f/p - gnoll sergeant
Aim: a gnoll sergeant, wielding a +0 spear and wearing a +0 ring mail (moderately wounded, 87% to hit)
The blast of sand hits the gnoll sergeant.
The gnoll sergeant is heavily wounded.
The gnoll sergeant hits you with a +0 spear.
The gnoll sergeant hits you with a +0 spear!
Aiming: Sandblast (safe; 1% risk of failure)
Press: ? - help, Q - select action, (/) - cycle Shift-Dir - straight line, f/p - gnoll sergeant
Aim: a gnoll sergeant, wielding a +0 spear and wearing a +0 ring mail (heavily wounded, 87% to hit)
The blast of sand hits the gnoll sergeant but does no damage.
The gnoll sergeant is heavily wounded.
The gnoll sergeant hits you with a +0 spear.
Aiming: Sandblast (safe; 1% risk of failure)
Press: ? - help, Q - select action, (/) - cycle Shift-Dir - straight line, f/p - gnoll sergeant
Aim: a gnoll sergeant, wielding a +0 spear and wearing a +0 ring mail (heavily wounded, 87% to hit)
The blast of sand hits the gnoll sergeant but does no damage.
The gnoll sergeant is heavily wounded.
The gnoll sergeant hits you with a +0 spear!
* * * LOW HITPOINT WARNING * * *
The gnoll sergeant hits you with a +0 spear.
* * * LOW HITPOINT WARNING * * *
Aiming: Sandblast (safe; 1% risk of failure)
Press: ? - help, Q - select action, (/) - cycle Shift-Dir - straight line, f/p - gnoll sergeant
Aim: a gnoll sergeant, wielding a +0 spear and wearing a +0 ring mail (heavily wounded, 87% to hit)
The blast of sand hits the gnoll sergeant.
The gnoll sergeant is heavily wounded.
The gnoll sergeant hits you with a +0 spear!
You die...

.........{.#..........###
##..##{#w#{#.####..##.##
#..{.{##....####..#...##
##{##.###......#.......####
#{#.w# ###.##.#..........#
#r#..# #.##.##).[...##
.....# #.##.##.#<..##
......# #.##g##.##.##
.....#.# .#.#.#@#†#.##
..?..... .............#
.....#.#.#.#.#.#.#.#.#..#
......................# #
#.#.#.#.#.#.##
>...........?.#
.#.#.#.#.#.# ## .... ..###
## #.


You could see a gnoll sergeant.

Vanquished Creatures
  Grinder (D:5)
  A black bear (D:4)
  An ice beast (D:5)
  An ogre (D:4)
  2 scorpions
  2 iguanas
  An orc wizard (D:5)
  7 adders
  A gnoll (D:5)
  4 dart slugs
  7 orcs
  7 ball pythons
  2 bats
  5 endoplasms
  A giant cockroach (D:1)
  3 goblins (D:2)
  6 hobgoblins
  4 jackals (D:1)
  2 quokkas
  2 frilled lizards (D:1)
  7 kobolds
  4 rats
71 creatures vanquished.

Notes
Turn   | Place    | Note
-------+----------+-------------------------------------------
     0 | D:1      | Bnni the Formicid Earth Elementalist began the quest for
                  | the Orb.
     0 | D:1      | Reached XP level 1. HP: 13/13 MP: 3/3
   155 | D:1      | Reached XP level 2. HP: 19/19 MP: 3/5
   267 | D:1      | Learned a level 2 spell: Passwall
   483 | D:1      | Reached skill level 4 in Earth Magic
   490 | D:1      | Reached XP level 3. HP: 8/25 MP: 1/6
   814 | D:2      | Reached skill level 1 in Conjurations
   885 | D:2      | Learned a level 3 spell: Stone Arrow
   987 | D:2      | Identified the staff of conjuration "Dacko" {Contam rC++
                  | rN+ Dex+3}
  1319 | D:3      | Reached XP level 4. HP: 31/31 MP: 7/7
  1591 | D:3      | Reached skill level 1 in Fighting
  1651 | D:3      | Reached XP level 5. HP: 7/37 MP: 0/9
  2114 | D:4      | Noticed a black bear
  2216 | D:4      | Killed a black bear
  2217 | D:4      | Reached skill level 1 in Armour
  2217 | D:4      | Reached skill level 5 in Earth Magic
  2217 | D:4      | Reached XP level 6. HP: 4/44 MP: 0/10
  2396 | D:4      | Noticed an ogre
  2400 | D:4      | Killed an ogre
  2433 | D:4      | Learned a level 4 spell: Petrify
  2737 | D:4      | Reached XP level 7. HP: 50/50 MP: 4/12
  2925 | D:4      | Found a sparkling altar of Nemelex Xobeh.
  3020 | D:5      | Entered Level 5 of the Dungeon
  3027 | D:5      | Noticed Grinder
  3039 | D:5      | Killed Grinder
  3040 | D:5      | Reached skill level 6 in Earth Magic
  3101 | D:5      | Reached XP level 8. HP: 21/58 MP: 2/13
  3630 | D:5      | Slain by a gnoll sergeant

Illustrated notes

Levels and vault maps discovered:
D:1:      shiori_arrival_maze, layout_basic
D:2:      layout_basic
D:3:      layout_basic, serial_corexii_hall, corexii_hall_statues_t,
          chequers_hall_statues_y, minmay_gold_behind_fungi
D:4:      layout_basic, nemelex_spade_bored_becter, fountainhead
D:5:      layout_loops_ring, minmay_temple_entry_statues_pillars, st_stairs_12,
          uniq_grinder

Skill      XL: |  1  2  3  4  5  6  7  8 |
---------------+-------------------------+-----
Earth Magic    | 4 5 6 |  6.6
Conjurations   | 1 2 3 |  3.0
Transmutations | 2 3 |  3.0
Fighting       | 1 2 3 |  3.2
Armour         | 1 2 |  2.8
Spellcasting   | 3 4 |  4.0
Dodging        | |  1.7
Stealth        | |  2.4

Action                     |  1- 3 |  4- 6 |  7- 9 || total
---------------------------+-------+-------+-------++-------
  Melee: Unarmed           |     9 |       |       ||     9
         Dagger            |    22 |       |       ||    22
         Spear             |     6 |    65 |     2 ||    73
   Cast: Sandblast         |    36 |    60 |    43 ||   139
         Passwall          |       |       |     4 ||     4
    Use: Scroll            |       |     4 |     1 ||     5
         Potion            |       |       |     1 ||     1
   Stab: Sleeping          |     2 |       |       ||     2
 Armour: Robe              |     9 |       |       ||     9
         Ring mail         |       |    48 |    18 ||    66
  Dodge: Dodged            |    30 |    74 |    29 ||   133
